2860 views
Uploaded 2020-02-06 16:11:11
Game version 1.32 / 1.32.1
14:52 long 1on1 ladder game on (2)ConcealedHill
Saved by Mata
2860 views
Uploaded 2020-02-06 16:11:11
Game version 1.32 / 1.32.1
14:52 long 1on1 ladder game on (2)ConcealedHill

25 units @ 3.9k
/ 0.6k
13 buildings @ 2k
/ 0.6k


| Potion of Healing | 1 | 150 |
| Potion of Mana | 1 | 200 |
| Orb of Corruption | 1 | 375 |
| total: | 3 | 725g |
| Acolyte | 8 | 600 | / | 0 |
| Ghoul | 4 | 480 | / | 0 |
| Crypt Fiend | 9 | 1935 | / | 360 |
| Obsidian Statue | 2 | 400 | / | 70 |
| Abomination | 2 | 480 | / | 140 |
| total: | 25 | 3895g | / | 570w |
| Spirit Tower | 3 | 435 | / | 120 |
| Altar of Darkness | 1 | 180 | / | 50 |
| Ziggurat | 7 | 1050 | / | 350 |
| Tomb of Relics | 2 | 260 | / | 60 |
| Crypt | 1 | 200 | / | 50 |
| Graveyard | 1 | 215 | / | 0 |
| Slaughterhouse | 1 | 140 | / | 135 |
| Halls of the Dead | 1 | 320 | / | 210 |
| Black Citadel | 1 | 325 | / | 230 |
| total: | 13 | 2045g | / | 645w |
| 0:05 | Acolyte |
| 0:05 | Acolyte |
| 0:07 | Altar of Darkness |
| 0:09 | Ziggurat |
| 0:24 | Tomb of Relics |
| 0:50 | Crypt |
| 1:16 | Graveyard |
| 1:28 | Ziggurat |
| 1:55 | Ghoul |
| 2:09 | Death Coil |
| 2:10 | Ghoul |
| 2:25 | Ziggurat |
| 2:28 | Ghoul |
| 2:53 | Ziggurat |
| 3:38 | Halls of the Dead |
| 3:39 | Ghoul |
| 3:41 | Crypt Fiend |
| 4:16 | Crypt Fiend |
| 4:16 | Crypt Fiend |
| 4:41 | Spirit Tower |
| 4:43 | Spirit Tower |
| 5:03 | Ziggurat |
| 6:01 | Spirit Tower |
| 6:26 | Crypt Fiend |
| 6:26 | Crypt Fiend |
| 6:29 | Acolyte |
| 7:27 | Slaughterhouse |
| 8:10 | Tomb of Relics |
| 8:15 | Frost Nova |
| 8:33 | Black Citadel |
| 8:41 | Unholy Aura |
| 9:03 | Ziggurat |
| 9:35 | Obsidian Statue |
| 9:59 | Obsidian Statue |
| 10:37 | Crypt Fiend |
| 10:42 | Ziggurat |
| 11:04 | Frost Armor |
| 11:35 | Abomination |
| 11:35 | Abomination |
| 11:36 | Crypt Fiend |
| 12:02 | Disease Cloud |
| 12:05 | Crypt Fiend |
| 13:09 | Potion of Healing |
| 13:15 | Potion of Mana |
| 13:20 | Orb of Corruption |
| 13:52 | Crypt Fiend |
| 14:10 | Acolyte |
| 14:10 | Acolyte |
| 14:11 | Acolyte |
| 14:11 | Acolyte |
| 14:11 | Acolyte |
| Right click | 528 |
| Select | 186 |
| Select group | 69 |
| Build/train/purchase | 57 |
| Assign group | 43 |
| Chat | 25 |
| Use ability | 18 |
| Misc. action | 8 |
| Esc | 3 |
| Item give/drop | 1 |
35 units @ 3.9k
/ 0.7k
21 buildings @ 3.6k
/ 1.7k


| Staff of Preservation | 1 | 150 |
| total: | 1 | 150g |
| Wisp | 20 | 1200 | / | 0 |
| Archer | 6 | 780 | / | 60 |
| Dryad | 3 | 435 | / | 180 |
| Druid of the Claw | 6 | 1530 | / | 480 |
| total: | 35 | 3945g | / | 720w |
| Ancient Protector | 4 | 540 | / | 320 |
| Altar of Elders | 1 | 180 | / | 50 |
| Moon Well | 6 | 1080 | / | 240 |
| Ancient of War | 1 | 150 | / | 60 |
| Hunter's Hall | 1 | 210 | / | 100 |
| Ancient of Wonders | 3 | 270 | / | 90 |
| Tree of Life | 2 | 680 | / | 370 |
| Ancient of Lore | 3 | 465 | / | 435 |
| Tree of Ages | 1 | 320 | / | 180 |
| Tree of Eternity | 1 | 330 | / | 200 |
| total: | 21 | 3575g | / | 1665w |
| 0:00 | Wisp |
| 0:04 | Altar of Elders |
| 0:12 | Wisp |
| 0:16 | Moon Well |
| 0:19 | Wisp |
| 0:34 | Wisp |
| 0:49 | Ancient of War |
| 0:51 | Wisp |
| 1:09 | Wisp |
| 1:21 | Wisp |
| 1:26 | Moon Well |
| 1:27 | Moon Well |
| 1:29 | Wisp |
| 1:51 | Archer |
| 1:54 | Wisp |
| 2:06 | Mana Burn |
| 2:26 | Tree of Ages |
| 3:07 | Archer |
| 3:17 | Archer |
| 3:28 | Archer |
| 3:35 | Moon Well |
| 3:41 | Hunter's Hall |
| 3:44 | Ancient of Wonders |
| 3:47 | Ancient of Wonders |
| 4:00 | Evasion |
| 4:16 | Archer |
| 4:29 | Ancient of Wonders |
| 4:41 | Archer |
| 4:50 | Ancient of Lore |
| 4:52 | Wisp |
| 4:52 | Wisp |
| 4:56 | Frost Arrows |
| 5:09 | Ancient of Lore |
| 5:16 | Moon Well |
| 6:03 | Ancient of Lore |
| 6:04 | Wisp |
| 6:31 | Tree of Life |
| 6:45 | Dryad |
| 6:49 | Wisp |
| 7:09 | Dryad |
| 7:20 | Tree of Life |
| 7:26 | Dryad |
| 7:42 | Tree of Eternity |
| 7:58 | Druid of the Claw Adept Training |
| 8:04 | Forked Lightning |
| 8:15 | Druid of the Claw |
| 8:27 | Staff of Preservation |
| 8:52 | Druid of the Claw |
| 9:08 | Mana Burn |
| 9:46 | Druid of the Claw |
| 9:52 | Abolish Magic |
| 10:09 | Druid of the Claw Master Training |
| 10:12 | Moon Well |
| 10:46 | Wisp |
| 10:51 | Druid of the Claw |
| 10:52 | Wisp |
| 11:02 | Wisp |
| 11:02 | Wisp |
| 11:02 | Wisp |
| 11:03 | Wisp |
| 11:03 | Wisp |
| 11:19 | Ancient Protector |
| 11:48 | Ancient Protector |
| 12:07 | Ancient Protector |
| 12:09 | Ancient Protector |
| 12:14 | Nature's Blessing |
| 13:11 | Frost Arrows |
| 13:19 | Druid of the Claw |
| 13:36 | Evasion |
| 14:03 | Druid of the Claw |
| Right click | 1125 |
| Select | 720 |
| Select group | 593 |
| Assign group | 91 |
| Build/train/purchase | 78 |
| Use ability | 35 |
| Remove unit | 4 |
| Chat | 4 |
⇛